 Dungeon Crawl Stone Soup version 0.30-a0-881-g1ff12e1e11 (webtiles) character file.

Game seed: 9576675492398240426

118183 jasper the Severer (level 16, -3/138 HPs)
             Began as a Demonspawn Berserker on Mar 14, 2023.
             Was the Champion of Trog.
             Slain by an emperor scorpion (31 damage)
             ... on level 3 of the Spider Nest.
             The game lasted 00:48:02 (21094 turns).

jasper the Severer (Demonspawn Berserker)          Turns: 21094, Time: 00:48:02

Health: -3/138     AC: 16    Str: 22    XL:     16   Next: 24%
Magic:  0/16       EV: 10    Int: 13    God:    Trog [******]
Gold:   1823       SH: 15    Dex: 23    Spells: 15/15 levels left

rFire   x . .      SeeInvis .    P - +5 broad axe (spect)
rCold   + + .      Faith    .    J - +0 kite shield
rNeg    . . .      Spirit   +    N - +4 scale mail {rC+}
rPois   +          Reflect  .    (helmet restricted)
rElec   .          Rampage  .    b - +2 cloak {rCorr}
rCorr   +                        I - +1 pair of gloves
Will    +++..                    W - +0 pair of boots
Stlth   ++                       f - amulet of regeneration
HPRegen 2.23/turn                H - ring of poison resistance
MPRegen 0.30/turn                m - ring "Huwuirch" {rF- rC+ Int+4 Dex+3 Slay+4}

@: lethally poisoned (-3 -> -3), strong-willed, corroded, regenerating, studying
Stealth
A: horns 2, thin skeletal structure 1, powered by death 3, magic shield, magic
regeneration, magic link, agile 1
a: Renounce Religion, Berserk, Trog's Hand, Brothers in Arms


You were on level 3 of the Spider Nest.
You worshipped Trog.
Trog was exalted by your worship.
You visited 4 branches of the dungeon, and saw 25 of its levels.
You visited the Abyss 1 time.

You collected 3202 gold pieces.
You spent 1379 gold pieces at shops.

Inventory:

Hand Weapons
 j - a +4 heavy broad axe
 P - a +5 spectral broad axe (weapon)
 S - a +3 antimagic hand axe
 Z - a +2 war axe of flaming
Missiles
 p - 190 stones (quivered)
 y - a curare-tipped dart
 M - 2 throwing nets
Armour
 b - a +2 cloak of preservation (worn)
 F - the +8 chain mail of the Equinox {rElec Str+2 Int+3}
   (You found it on level 2 of the Spider Nest)

   Str:       It affects your strength (+2).
   Int:       It affects your intelligence (+3).
   rElec:     It insulates you from electricity.
 I - a +1 pair of gloves (worn)
 J - a +0 kite shield (worn)
 N - a +4 scale mail of cold resistance (worn)
 W - a +0 pair of boots (worn)
 Y - the +4 fire dragon scales of Going Fast {Harm rF++ rC- Int-2 Dex+4 SInv}
   (You found it on level 5 of the Lair of Beasts)

   Int:       It affects your intelligence (-2).
   Dex:       It affects your dexterity (+4).
   rF:        It greatly protects you from fire.
   rC:        It makes you vulnerable to cold.
   SInv:      It lets you see invisible.
   Harm:      It increases damage dealt and taken.
Jewellery
 f - an amulet of regeneration (around neck)
 k - the ring of the Dragon {rN+ Int-2 Slay+6}
   (You bought it in a shop on level 2 of the Orcish Mines)

   [ring of positive energy]

   Int:       It affects your intelligence (-2).
   Slay:      It affects your accuracy & damage with ranged weapons and melee
   (+6).
   rN:        It protects you from negative energy.
 m - the ring "Huwuirch" (right hand) {rF- rC+ Int+4 Dex+3 Slay+4}
   (You acquired it on level 2 of the Spider Nest)

   [ring of protection from cold]

   Int:       It affects your intelligence (+4).
   Dex:       It affects your dexterity (+3).
   Slay:      It affects your accuracy & damage with ranged weapons and melee
   (+4).
   rF:        It makes you vulnerable to fire.
   rC:        It protects you from cold.
 q - a ring of resist corrosion
 H - a ring of poison resistance (left hand)
Wands
 g - a wand of roots (2)
 o - a wand of charming (3)
 u - a wand of mindburst (3)
 C - a wand of flame (42)
 Q - a wand of polymorph (4)
Scrolls
 a - a scroll of enchant weapon
 c - a scroll of torment
 e - 4 scrolls of identify
 h - 4 scrolls of fog
 r - 11 scrolls of teleportation
 v - 3 scrolls of magic mapping
 w - 5 scrolls of blinking
 A - 2 scrolls of vulnerability
 D - a scroll of enchant armour
 K - 2 scrolls of poison
 X - a scroll of immolation
Potions
 d - 3 potions of heal wounds
 i - a potion of cancellation {unknown}
 l - 2 potions of might
 n - 5 potions of curing
 s - 3 potions of lignification
 x - 3 potions of magic
 B - 6 potions of degeneration
 E - 2 potions of mutation
 G - a potion of berserk rage
 L - 3 potions of brilliance
 O - a potion of flight
 R - 9 potions of ambrosia
 V - 2 potions of resistance
Miscellaneous
 U - a condenser vane (inert)


   Skills:
 * Level 16.1 Fighting
 - Level 18.0 Axes
 + Level 11.6 Armour
 - Level 1.7 Dodging
 - Level 15.0 Shields
 + Level 1.0 Evocations


You had 15 spell levels left.
You didn't know any spells.
Your spell library was empty.

Dungeon Overview and Level Annotations

Branches:
Dungeon (15/15)              Lair (5/5) D:11         Spider (3/4) Lair:2
  Slime (0/5) Lair:5          Orc (2/2) D:11            Elf (0/3) Orc:2
 Vaults (0/5) D:14         Depths (0/4) D:15
 Temple: D:4-7        Swamp: Lair:2-3    Shoals: Lair:2-3

Altars:
Ashenzari
Gozag
Makhleb
Nemelex Xobeh
Okawaru
Qazlal
Ru
Sif Muna
Uskayaw
Vehumet
Yredelemnul
Jiyva
Lugonu

Shops:
D:11 [(   D:13 (   Orc:2 [=*(

Portals:
Abyss: Lair:5
Ice
Cave: Spider:3

Annotations:
D:4 Grinder
D:5 Edmund, Pikel
D:8 Psyche
D:15 Roxanne
Lair:3 exclusion: oklob plant
Spider:3 exclusion: ice statue
Orc:1 2 transporters


Innate Abilities, Weirdness & Mutations

You have a pair of horns on your head.
You have a somewhat thin skeletal structure. (Dex +2, Stealth+)
You regenerate a lot of health from kills.
When hurt, damage is shared between your health and your magic reserves.
You regenerate magic rapidly.
When low on magic, you restore magic in place of health.
You are agile. (Dex +4, Str/Int -1)


Message History

You feel much better.
You feel sick. You block the wolf spider's attack. x2
You block the tarantella's attack.
The emperor scorpion stings you but does no damage.
You block the emperor scorpion's attack.
The emperor scorpion claws you. The wolf spider hits you!!
You block the wolf spider's attack. x2
The wolf spider bites you but does no damage.
The ice statue gestures.
The ice dragon bites you!
The ice dragon claws you but does no damage.
The ice dragon tramples you!
* * * LOW HITPOINT WARNING * * *
You stumble backwards!
You take 9 damage, and have 40/138 hp.
You now have 3/16 mp.
Your skin crawls.
You feel strong-willed.
You feel sick. The wolf spider closely misses you.
The wolf spider bites you but does no damage.
You block the wolf spider's attack.
The wolf spider bites you but does no damage.
The moth of wrath goads the ice beast on!
The ice beast goes berserk!
The moth of wrath goads the redback on!
The redback goes berserk!
The moth of wrath goads the emperor scorpion on!
The emperor scorpion goes berserk!
The ice dragon bites you but does no damage.
The ice dragon claws you but does no damage.
You block the ice dragon's attack.
You take 1 damage, and have 39/138 hp.
You regained 2 mp, and now have 5/16 mp.
You feel much better.
You feel sick. You block the wolf spider's attack. The wolf spider bites you!
The wolf spider barely misses you.
The wolf spider bites you but does no damage.
The wolf spider hits you but does no damage.
The wolf spider bites you!
* * * LOW HITPOINT WARNING * * *
You block the wolf spider's attack. The wolf spider bites you!
* * * LOW HITPOINT WARNING * * *
You block the tarantella's attack. The emperor scorpion stings you!!
You die...

,,,,,,,,,,,***~~~~**
,,,*,,,,,,.~*≈#≈≈≈≈#
,,,,*,,,....##~≈~~≈#
,,,,**.........#...##
,,,,,*......#.#...^.#
,,,,,.........#.....#
,,,,,#....#.........##
*,,.##.........s.....#
,,.....^##....Bs@...^#
,....#........sDss...#*
,....#../.....s∩YY...~#
,......#.......8.....##
##.............yY...(#
...#................##
..#...............###*
.......<..[.#..#...#,*
#...........#........*


You could see an emperor scorpion (berserk), an ice dragon (catching breath), an
ice statue, an entropy weaver, 2 wolf spiders, a moth of wrath, 2 tarantellas, a
redback (berserk) and 3 ice beasts.

Vanquished Creatures
  Jorgrun (D:14)
  Frances (D:13)
  Kirke (D:14)
  2 orc warlords
  2 broodmothers
  A spark wasp (Spider:1)
  An entropy weaver (Spider:2)
  Josephine (Orc:1)
  A rakshasa (D:15)
  2 catoblepae
  2 hydras
  A jorogumo (Spider:1)
  Erica (D:9)
  An ogre mage (D:15)
  A tengu warrior (D:15)
  A radroach (Spider:2)
  9 two-headed ogres
  5 boulder beetles
  3 centaur warriors
  Urug (Lair:3)
  3 thrashing horrors (Lair:5)
  7 orc high priests
  A sun moth (Spider:2)
  2 pharaoh ants
  A sixfirhy (Abyss:1)
  A lindwurm (Lair:3)
  5 orb spiders
  2 deep elf pyromancers (D:15)
  2 wizards
  A wolf spider zombie (D:15)
  3 steelbarb worms (Spider:1)
  5 orc knights
  A necromancer (D:15)
  A harpy (shapeshifter) (D:15)
  16 ugly things
  3 orc sorcerers
  12 wolf spiders
  A cyclops (shapeshifter) (D:14)
  7 cyclopes
  A moth of wrath (Spider:1)
  Maurice (Orc:1)
  10 elephants (Lair:5)
  3 black mambas
  2 smoke demons (Lair:5)
  A guardian serpent (shapeshifter) (D:13)
  4 torpor snails
  4 demonic crawlers
  10 cane toads
  A gargoyle (D:11)
  2 centaur skeletons (D:15)
  An unseen horror (shapeshifter) (D:14)
  An unseen horror (D:13)
  2 efreet
  3 rime drakes
  A freezing wraith (D:15)
  5 komodo dragons
  A komodo dragon (shapeshifter) (Lair:5)
  A polar bear (Lair:3)
  An ancient zyme (Lair:5)
  3 meliai (D:14)
  A queen bee (D:14)
  9 trolls
  19 blink frogs
  2 hornets
  15 tarantellas
  12 slime creatures
  A spriggan (Lair:5)
  18 jumping spiders
  13 culicivoras
  A ynoxinul (Lair:5)
  2 vampires
  A shadow (D:11)
  8 wraiths
  2 large abominations (Lair:5)
  A spriggan (shapeshifter) (Lair:5)
  8 basilisks
  5 wyverns
  3 hogs (D:14)
  2 chaos spawn (Lair:5)
  28 yaks
  32 redbacks
  A redback (shapeshifter) (D:14)
  9 vampire mosquitoes
  7 wargs
  5 acid dragons
  5 water moccasins
  14 small abominations
  36 orc warriors
  6 ogres
  2 black bears
  17 centaurs
  8 wolves
  4 lemures (D:6)
  3 kobold brigands
  13 bullfrogs
  A gnoll sergeant (D:5)
  5 scorpions (Lair:2)
  13 wights
  38 killer bees
  A hound (D:6)
  4 jellies
  10 orc priests
  An iron imp (Abyss:1)
  Ijyb (D:3)
  5 iguanas
  14 orc wizards
  6 gnolls
  4 adders
  4 worms
  2 dart slugs
  67 orcs
  6 ball pythons
  4 endoplasms
  3 giant cockroaches
  6 goblins
  2 hobgoblins
  13 jackals
  2 quokkas
  11 bats
  8 frilled lizards
  20 kobolds
  5 rats
  A plant (D:12)
740 creatures vanquished.

Vanquished Creatures (collateral kills)
  An iguana (D:5)
1 creature vanquished.

Vanquished Creatures (others)
  A human (D:14)
  A gnoll (D:5)
  37 fungi
  48 plants
87 creatures vanquished.

Grand Total: 828 creatures vanquished

Notes
Turn   | Place    | Note
-------+----------+-------------------------------------------
     0 | D:1      | jasper the Demonspawn Berserker began the quest for the
                  | Orb.
     0 | D:1      | Reached XP level 1. HP: 18/18 MP: 1/1
   321 | D:1      | Reached skill level 3 in Axes
   366 | D:1      | Gained mutation: You regenerate magic rapidly. [demonic
                  | ancestry]
   366 | D:1      | Reached XP level 2. HP: 18/24 MP: 2/2
  1095 | D:2      | Gained mutation: When hurt, damage is shared between your
                  | health and your magic reserves. [demonic ancestry]
  1095 | D:2      | Reached XP level 3. HP: 25/29 MP: 3/3
  1133 | D:2      | Found an iron altar of Okawaru.
  1157 | D:2      | Reached ** piety under Trog
  1455 | D:2      | Reached skill level 4 in Axes
  1570 | D:3      | Gained mutation: You have a somewhat thin skeletal
                  | structure. (Dex +2, Stealth+) [demonic ancestry]
  1570 | D:3      | Reached XP level 4. HP: 37/37 MP: 4/4
  2141 | D:3      | Noticed Ijyb
  2157 | D:3      | Killed Ijyb
  2460 | D:4      | Noticed Grinder
  2517 | D:4      | Reached XP level 5. HP: 42/42 MP: 5/5
  2547 | D:5      | Entered Level 5 of the Dungeon
  2601 | D:5      | Gained mutation: You are agile. (Dex +4, Str/Int -1)
                  | [potion of mutation]
  2699 | D:5      | Noticed a centaur
  2706 | D:5      | Killed a centaur
  2707 | D:5      | Reached skill level 5 in Axes
  2707 | D:5      | Gained mutation: You have a pair of small horns on your
                  | head. [demonic ancestry]
  2707 | D:5      | Reached XP level 6. HP: 39/49 MP: 2/6
  2749 | D:5      | Noticed a water moccasin
  2760 | D:5      | Killed a water moccasin
  2805 | D:5      | Noticed Edmund
  2977 | D:6      | Gained mutation: You have a pair of horns on your head.
                  | [demonic ancestry]
  2977 | D:6      | Reached XP level 7. HP: 55/55 MP: 5/7
  3161 | D:6      | Found a sacrificial altar of Ru.
  3162 | D:6      | Found a shimmering blue altar of Sif Muna.
  3164 | D:6      | Found a stormy altar of Qazlal.
  3173 | D:6      | Found a basalt altar of Yredelemnul.
  3231 | D:6      | Noticed Pikel
  3334 | D:6      | Found a sparkling altar of Nemelex Xobeh.
  3478 | D:6      | Reached skill level 5 in Fighting
  3478 | D:6      | Reached skill level 6 in Axes
  3696 | D:6      | Found a broken altar of Ashenzari.
  3696 | D:6      | Found an opulent altar of Gozag.
  3696 | D:6      | Found a burning altar of Makhleb.
  3697 | D:6      | Found a hide-covered altar of Uskayaw.
  3698 | D:6      | Found a radiant altar of Vehumet.
  3897 | D:7      | Noticed a hornet
  3900 | D:7      | Paralysed by a hornet for 3 turns
  3904 | D:7      | Killed a hornet
  4272 | D:7      | Reached XP level 8. HP: 35/64 MP: 3/8
  4276 | D:7      | Reached skill level 7 in Axes
  5241 | D:8      | Noticed Psyche
  5252 | Abyss:1  | Cast into level 1 of the Abyss (Psyche)
  5283 | Abyss:1  | Found a corrupted altar of Lugonu.
  5285 | Abyss:1  | Found a corrupted altar of Lugonu.
  5285 | Abyss:1  | Found a corrupted altar of Lugonu.
  5305 | Abyss:1  | Noticed a freezing wraith
  5305 | Abyss:1  | Noticed a smoke demon
  5308 | Abyss:1  | Identified a scroll of acquirement
  5308 | Abyss:1  | Acquired a manual of Fighting
  5353 | Abyss:1  | Noticed a sixfirhy
  5360 | Abyss:1  | Killed a sixfirhy
  5361 | Abyss:1  | Reached skill level 8 in Axes
  5361 | Abyss:1  | Reached skill level 5 in Armour
  5361 | Abyss:1  | Gained mutation: You regenerate a little health from kills.
                  | [demonic ancestry]
  5361 | Abyss:1  | Reached XP level 9. HP: 72/72 MP: 7/9
  5363 | D:8      | Escaped the Abyss
  5634 | D:9      | Noticed Erica
  5649 | D:9      | Killed Erica
  5650 | D:9      | Reached skill level 9 in Axes
  5933 | D:9      | Reached skill level 10 in Axes
  5933 | D:9      | Gained mutation: You regenerate health from kills. [demonic
                  | ancestry]
  5933 | D:9      | Reached XP level 10. HP: 76/83 MP: 8/10
  6202 | D:9      | Noticed a two-headed ogre
  6210 | D:9      | Killed a two-headed ogre
  6466 | D:10     | Entered Level 10 of the Dungeon
  6563 | D:10     | Reached skill level 10 in Fighting
  7070 | D:10     | Noticed a two-headed ogre
  7078 | D:10     | Killed a two-headed ogre
  7149 | D:10     | Reached skill level 11 in Axes
  7215 | D:10     | Reached *** piety under Trog
  7299 | D:11     | Found Viulosio's Antique Armour Shoppe.
  7307 | D:11     | Bought a pair of runed gloves for 225 gold pieces
  7307 | D:11     | Bought a runed cloak for 225 gold pieces
  7313 | D:11     | Paralysed by a hornet for 2 turns
  7427 | D:11     | Found Ackess's Hydra Hut.
  7445 | D:11     | Noticed a four-headed hydra
  7543 | D:11     | Found a staircase to the Lair.
  7620 | D:11     | Found a staircase to the Orcish Mines.
  7666 | D:11     | Reached XP level 11. HP: 93/93 MP: 11/11
  7700 | D:11     | Noticed a two-headed ogre
  7708 | D:11     | Killed a two-headed ogre
  7941 | D:11     | Reached **** piety under Trog
  8105 | D:11     | Noticed a boulder beetle
  8141 | D:11     | Killed a boulder beetle
  8142 | D:11     | Reached skill level 12 in Axes
  8312 | Lair:1   | Entered Level 1 of the Lair of Beasts
  9559 | Lair:2   | Found a hole to the Spider Nest.
  9577 | Lair:2   | Reached skill level 13 in Axes
  9634 | Lair:2   | You fall into a shaft and drop 1 floor!
  9634 | Lair:3   | Noticed Urug
  9657 | Lair:3   | Killed Urug
  9913 | Lair:3   | Noticed a lindwurm
 10027 | Lair:3   | Killed a lindwurm
 10028 | Lair:3   | Reached XP level 12. HP: 105/105 MP: 12/12
 11185 | Lair:4   | Noticed an eight-headed hydra
 11191 | Lair:4   | Killed an eight-headed hydra
 11670 | Lair:4   | Upgraded the game from 0.30-a0-879-ga8ba668304 to
                  | 0.30-a0-881-g1ff12e1e11
 11703 | Lair:5   | Entered Level 5 of the Lair of Beasts
 11733 | Lair:5   | Reached skill level 14 in Axes
 11748 | Lair:5   | Noticed a catoblepas
 11763 | Lair:5   | Killed a catoblepas
 11775 | Lair:5   | Found a viscous altar of Jiyva.
 11776 | Lair:5   | Found a staircase to the Slime Pits.
 12114 | Lair:5   | Reached skill level 10 in Armour
 12425 | Lair:5   | Reached ***** piety under Trog
 12474 | Lair:5   | Reached XP level 13. HP: 109/114 MP: 11/13
 12514 | Lair:5   | Reached skill level 15 in Axes
 12628 | Lair:5   | Received a gift from Trog
 12772 | Lair:5   | Reached skill level 15 in Fighting
 12878 | Lair:5   | Found a corrupted altar of Lugonu.
 12878 | Lair:5   | Found a one-way gate to the infinite horrors of the Abyss.
 13029 | Lair:5   | Identified the +4 fire dragon scales of Going Fast {Harm
                  | rF++ rC- Int-2 Dex+4 SInv}
 13393 | Orc:1    | Entered Level 1 of the Orcish Mines
 13515 | Orc:2    | Entered Level 2 of the Orcish Mines
 13520 | Orc:2    | Found Jejapixt's General Store.
 13559 | Orc:2    | Bought a scroll of blinking for 97 gold pieces
 13562 | Orc:2    | Noticed Maurice
 13565 | Orc:2    | Noticed an orc warlord
 13714 | Orc:1    | Killed an orc warlord
 13765 | Orc:1    | Killed Maurice
 13803 | Orc:1    | Reached skill level 16 in Axes
 13982 | Orc:2    | Found Ufrakite's Jewellery Shop.
 14103 | Orc:2    | Found Ikir's Antique Armour Shoppe.
 14112 | Orc:2    | Bought a kite shield for 112 gold pieces
 14117 | Orc:2    | Found a staircase to the Elven Halls.
 14123 | Orc:2    | Received a gift from Trog
 14133 | Orc:2    | Gained mutation: When low on magic, you restore magic in
                  | place of health. [demonic ancestry]
 14133 | Orc:2    | Reached XP level 14. HP: 104/124 MP: 8/14
 14431 | Orc:2    | Noticed an orc warlord
 14440 | Orc:2    | Killed an orc warlord
 14480 | Orc:2    | Found Luiconor's Antique Weapon Boutique.
 14728 | Orc:2    | Bought the ring of the Dragon {rN+ Int-2 Slay+6} for 720
                  | gold pieces
 14753 | Orc:1    | Found a transporter.
 14762 | Orc:1    | Noticed an orc warlord
 14884 | Orc:1    | Found a transporter.
 14915 | Orc:1    | Noticed Josephine
 14921 | Orc:1    | Killed Josephine
 15427 | D:12     | Reached ****** piety under Trog
 15434 | D:12     | Reached skill level 17 in Axes
 15698 | D:12     | Received a gift from Trog
 15889 | D:13     | Found Pugen's Antique Weapon Shop.
 16388 | D:13     | Noticed Frances
 16396 | D:13     | Killed Frances
 16732 | D:14     | Found a gate to the Vaults.
 16792 | D:14     | Reached skill level 18 in Axes
 16792 | D:14     | Reached skill level 1 in Shields
 17135 | D:14     | Reached skill level 5 in Shields
 17148 | D:14     | Noticed Kirke
 17161 | D:14     | Killed Kirke
 17187 | D:14     | Noticed Jorgrun
 17201 | D:14     | Killed Jorgrun
 17202 | D:14     | Reached XP level 15. HP: 131/131 MP: 12/15
 17450 | D:14     | Received a gift from Trog
 17556 | D:15     | Entered Level 15 of the Dungeon
 17669 | D:15     | Reached skill level 10 in Shields
 17809 | D:15     | Noticed Nessos
 17810 | D:15     | Nessos changed into Nessos the cane toad
 17810 | D:15     | Noticed Nessos
 17817 | D:15     | Killed Nessos the cane toad
 17978 | D:15     | Identified Roxanne's Octavo of the Fault
 17978 | D:15     | Noticed Roxanne
 18207 | D:15     | Found a staircase to the Depths.
 18786 | Spider:1 | Entered Level 1 of the Spider Nest
 19452 | Spider:1 | Paralysed by a jorogumo for 1 turns
 19549 | Spider:1 | Received a gift from Trog
 20007 | Spider:1 | Acquired 841 gold pieces
 20082 | Spider:2 | Identified the +8 chain mail of the Equinox {rElec Str+2
                  | Int+3}
 20310 | Spider:2 | Gained mutation: You regenerate a lot of health from kills.
                  | [demonic ancestry]
 20310 | Spider:2 | Reached XP level 16. HP: 83/138 MP: 11/16
 20499 | Spider:2 | Acquired the ring "Huwuirch" {rF- rC+ Int+4 Dex+3 Slay+4}
 21032 | Spider:3 | Reached skill level 15 in Shields
 21058 | Spider:3 | Received a gift from Trog
 21059 | Spider:3 | Reached skill level 1 in Evocations
 21082 | Spider:3 | Found a frozen archway.
 21094 | Spider:3 | Slain by an emperor scorpion

Illustrated notes

Levels and vault maps discovered:
D:1:      dpeg_arrival_subterranean_lakeside_camping, layout_basic,
          serial_bayou_crossing
D:2:      layout_rooms, basic_altar
D:3:      layout_loops_ring, uniq_ijyb
D:4:      wad_river_or_something, layout_gridville, general_overflow_altar,
          minmay_temple_entry_steel_oval, uniq_blork_the_orc, uniq_grinder
D:5:      layout_basic, ebering_ghost_sewer_f, serial_bayou,
          serial_bayou_ford_a, serial_bayou_lagoon_b, serial_bayou_pond_a,
          serial_bayou_lagoon_a, uniq_edmund
D:6:      layout_basic, zin_academy, minitemple,
          mainiacjoe_overflow_tiny_flanked, uniq_pikel
D:7:      layout_layer_cave
D:8:      layout_gridville, nicolae_concentric_dashed_squares_wild, uniq_psyche
D:9:      layout_irregular_city, uniq_erica
D:10:     layout_basic, minmay_misc_feat_four_crosses
D:11:     layout_cave_pods, david_lair_generic, hiddenorc2_lemuel, serial_shops,
          nicolae_shop_overgrown_old_shop, doesnt_shop_hydraphobe
D:12:     layout_roguey, minmay_lizard_king
D:13:     layout_loops_ring, serial_shops, shop, uniq_frances
D:14:     layout_loops_cross, david_vaults_2, ebering_dispersal_statue_hall,
          special_room [special_room_bee], uniq_jorgrun, uniq_kirke
D:15:     grunt_enter_depths_magical_seal, layout_stronghold,
          serial_bayou_shore_b, uniq_nessos, uniq_roxanne
Lair:1:   layout_cave_pods, grunt_megastairs_5, lemuel_fruit_tree,
          serial_bayou_shore_b, serial_bayou_shore_b
Lair:2:   layout_loops_ring, skrybe_swamp_entry_bodies,
          nicolae_spider_entry_non_spiders, serial_bayou_pond_c, st_stairs_6,
          infiniplex_staircase_pool_2
Lair:3:   layout_layer_cave, lemuel_oklob_altar, serial_bayou_shore_b,
          grunt_megastairs_4, uniq_urug
Lair:4:   layout_misc_corridors
Lair:5:   hellmonk_lair_end_abyssal_woods, layout_concentric_octagons,
          minmay_slime_entry_pillars
Spider:1: layout_chambers
Spider:2: layout_cave_pods, hangedman_spider_tarantella_strand
Spider:3: layout_spider_delve, portal_ice_cave_entry_ice_statue_two
Orc:1:    gammafunk_beogh_shrine, layout_diamond_mine, uniq_josephine
Orc:2:    grunt_orc_gardens, layout_diamond_mine, grunt_orc_garden,
          grunt_orc_garden, grunt_orc_garden, grunt_orc_garden, mines1_david,
          uniq_maurice

Skill      XL: |  1  2  3  4  5  6  7  8  9 10 11 12 13 14 15 16 |
---------------+-------------------------------------------------+-----
Axes           | 3 4 5 6 8 10 11 13 14 16 18 | 18.0
Fighting       | 4 5 7 9 11 13 14 15 16 | 16.1
Armour         | 2 3 5 6 7 9 10 11 | 11.6
Shields        | 6 14 15 | 15.0
Evocations     | 1 |  1.0
Dodging        | |  1.7

Action                     |  1- 3 |  4- 6 |  7- 9 | 10-12 | 13-15 | 16-18 || total
---------------------------+-------+-------+-------+-------+-------+-------++-------
  Melee: Hand axe          |   134 |   120 |       |       |       |       ||   254
         Punch             |       |     2 |     3 |     9 |     8 |       ||    22
         Trident           |       |    11 |       |     3 |       |       ||    14
         War axe           |       |    27 |   171 |   604 |   336 |       ||  1138
         Headbutt          |       |     5 |    34 |   146 |   236 |    19 ||   440
         Broad axe         |       |       |       |       |   549 |    64 ||   613
  Throw: Stone             |       |       |    12 |    25 |     9 |       ||    46
         Throwing net      |       |       |       |       |     1 |       ||     1
 Invoke: Berserk           |       |     5 |     8 |     7 |     3 |       ||    23
         Trog's Hand       |       |       |     4 |     2 |     3 |     1 ||    10
  Evoke: Wand              |       |     4 |     4 |     5 |     1 |    15 ||    29
         Condenser vane    |       |       |       |       |     2 |     1 ||     3
    Use: Scroll            |     3 |       |    13 |     7 |     9 |     2 ||    34
         Potion            |       |     2 |     3 |       |       |     3 ||     8
   Stab: Invisible         |       |       |     5 |       |       |       ||     5
         Confused          |       |       |       |       |     9 |     1 ||    10
         Distracted        |       |       |       |       |    13 |     2 ||    15
         Betrayed ally     |       |       |       |       |     8 |     1 ||     9
         Petrified         |       |       |       |       |     1 |       ||     1
         Sleeping          |       |       |       |       |     1 |       ||     1
 Armour: Plate armour      |   136 |   124 |   166 |   371 |       |       ||   797
         Animal skin       |     6 |       |       |       |       |       ||     6
         Scale mail        |       |       |       |   157 |   455 |    22 ||   634
         Chain mail        |       |       |       |       |    33 |    33 ||    66
  Dodge: Dodged            |    60 |    53 |    84 |   336 |   416 |    22 ||   971
  Block: Buckler           |       |       |       |       |    15 |       ||    15
         Kite shield       |       |       |       |       |   131 |    69 ||   200

Table legend: (Time is in decaauts)
 A = Elapsed time spent in this place.
 B = Non-inter-level travel time spent in this place.
 C = Inter-level travel time spent in this place.
 D = Time resting spent in this place.
 E = Time spent auto-exploring this place.
 F = Levels seen in this place.
 G = Mean time per level.
                   A        B        C        D        E       F      G
               +--------+--------+--------+--------+--------+-----+--------+
         Total |  21070 |  20044 |   1026 |   1259 |  13807 |  26 |  810.4 |
       Dungeon |  11973 |  11345 |    628 |    667 |   7913 |  15 |  798.2 |
          Lair |   5003 |   4759 |    244 |    387 |   3277 |   5 | 1000.6 |
   Spider Nest |   2268 |   2245 |     23 |      0 |   1666 |   3 |  756.0 |
  Orcish Mines |   1693 |   1564 |    129 |    204 |    869 |   2 |  846.5 |
         Abyss |    132 |    132 |      0 |      0 |     80 |   1 |  132.0 |
               +--------+--------+--------+--------+--------+-----+--------+

Top non-repeatable levels by time:
  Lair:5: 1487 daAuts
     D:7: 1409 daAuts
  Lair:3: 1397 daAuts
  Lair:1: 1238 daAuts
Spider:1: 1222 daAuts
    D:11: 1117 daAuts
     D:1: 1113 daAuts
    D:15: 1075 daAuts
     D:9: 998 daAuts
Spider:2: 978 daAuts
   Orc:2: 940 daAuts
     D:3: 935 daAuts
     D:6: 931 daAuts
    D:14: 910 daAuts
    D:10: 819 daAuts
